 Dungeon Crawl Stone Soup version 0.21.1-1-g345015f (webtiles) character file.

199990 empire the Cleaver (level 17, -15/144 HPs)
             Began as a Minotaur Fighter on May 7, 2018.
             Was the Champion of Cheibriados.
             Killed from afar by a deep elf annihilator (67 damage)
             ... with a crystal spear
             ... on level 3 of the Elven Halls on May 23, 2018.
             The game lasted 02:01:36 (34674 turns).

empire the Cleaver (Minotaur Fighter)              Turns: 34674, Time: 02:01:36

Health: -15/144    AC: 38    Str: 41    XL:     17   Next: 86%
Magic:  18/23      EV: 20    Int: 20    God:    Cheibriados [******]
Gold:   103        SH: 20    Dex: 32    Spells: 11/18 levels left

rFire    + . .     SeeInvis .   a - +6 scimitar (elec)
rCold    + . .     Gourm    .   V - +3 shield {AC+3}
rNeg     . . .     Faith    .   o - +2 gold dragon scales
rPois    +         Spirit   .   Q - +2 hat
rElec    .         Reflect  .   O - +2 cloak {MR+}
rCorr    .         Harm     .   (no gloves)
MR       ++...                  h - +2 pair of boots
Stlth    ..........             X - amulet of regeneration
HPRegen  0.74/turn              t - +5 ring of protection
MPRegen  0.18/turn              W - +5 ring of strength

@: very slow
A: retaliatory headbutt, horns 2
}: 1/15 runes: decaying
a: Bend Time, Temporal Distortion, Slouch, Step From Time, Renounce Religion


You were on level 3 of the Elven Halls.
You worshipped Cheibriados.
Cheibriados was exalted by your worship.
You were hungry.

You visited 6 branches of the dungeon, and saw 31 of its levels.
You also visited: Ice Cave and Volcano.

You collected 3661 gold pieces.
You spent 3558 gold pieces at shops.

Inventory:

Hand Weapons
 a - a +6 scimitar of electrocution (weapon)
 b - a +2 war axe of flaming
 G - a +3 long sword
 L - a +1 long sword of distortion
 P - the +2 morningstar "Dyni" {flame, Str+3 Int+2}
   (You found it on level 1 of the Swamp)

   It has been specially enchanted to burn those struck by it, causing extra
   injury to most foes and up to half again as much damage against particularly
   susceptible opponents.
   It affects your strength (+3).
   It affects your intelligence (+2).
Missiles
 A - 2 tomahawks of returning (quivered)
 C - a javelin
 D - 2 poisoned tomahawks
Armour
 h - a +2 pair of boots (worn)
 o - +2 gold dragon scales (worn)
 O - a +2 cloak of magic resistance (worn)
 Q - a +2 hat (worn)
 V - a +3 shield of protection (worn)
Magical Staves
 M - an uncursed staff of air {unknown}
Jewellery
 s - an uncursed ring of resist corrosion
 t - a +5 ring of protection (left hand)
 z - an uncursed amulet of harm {unknown}
 W - a +5 ring of strength (right hand)
 X - an amulet of regeneration (around neck)
 Y - an uncursed ring of protection from cold
Wands
 k - a wand of enslavement (58)
 q - a wand of polymorph (32)
 u - a wand of paralysis (15)
 B - a wand of acid (1)
 I - a wand of flame (38)
Scrolls
 c - 2 scrolls of torment
 e - 7 scrolls of identify
 l - 13 scrolls of teleportation
 m - 16 scrolls of remove curse
 v - a scroll of fear
 y - 2 scrolls of amnesia
 H - 2 scrolls of fog
 R - 5 scrolls of magic mapping
Potions
 d - a potion of degeneration
 g - 2 potions of mutation
 i - 2 potions of heal wounds
 j - 18 potions of curing
 n - 2 potions of haste
 p - 6 potions of cancellation
 r - 6 potions of resistance
 x - 4 potions of flight
 E - 5 potions of lignification
 F - 3 potions of invisibility
 J - 4 potions of might
 K - 4 potions of agility
Books
 w - a book of Callings

   Spells                             Type                      Level
   a - Summon Small Mammal            Summoning                    1
   b - Call Imp                       Summoning                    2
   c - Call Canine Familiar           Summoning                    3
   d - Summon Guardian Golem          Hexes/Summoning              3
   e - Summon Lightning Spire         Summoning/Air                4
   f - Summon Ice Beast               Ice/Summoning                4
Miscellaneous
 T - a lamp of fire
Comestibles
 f - 68 rations


   Skills:
 + Level 11.1 Fighting
 + Level 13.7 Long Blades
 + Level 13.7 Axes
 - Level 13.0 Armour
 - Level 13.0 Dodging
 - Level 13.0 Shields
 - Level 1.1 Spellcasting
 - Level 6.0 Charms
 - Level 6.0 Summonings
 - Level 6.0 Ice Magic
 - Level 10.0 Invocations
 - Level 10.0 Evocations


You had 11 spell levels left.
You knew the following spells:

 Your Spells              Type           Power        Failure   Level  Hunger
a - Ozocubu's Armour      Chrm/Ice       ####....     45%         3    ####...
b - Summon Ice Beast      Ice/Summ       ####....     86%         4    #####..


Dungeon Overview and Level Annotations

Branches:
Dungeon (15/15)            Temple (1/1) D:6            Lair (6/6) D:9
  Swamp (4/4) Lair:2        Snake (0/4) Lair:4        Slime (0/5) Lair:5
    Orc (2/2) D:12            Elf (3/3) Orc:2        Vaults (0/5) D:14
 Depths (0/5) D:15

Altars:
Ashenzari
Cheibriados
Dithmenos
Elyvilon
Fedhas
Gozag
Hepliaklqana
Kikubaaqudgha
Makhleb
Nemelex Xobeh
Okawaru
Qazlal
Ru
Sif Muna
Trog
Uskayaw
Vehumet
Wu Jian
Xom
Yredelemnul
Zin
The Shining One
Beogh
Jiyva

Shops:
D:10 !   D:12 ([   Orc:1 [   Orc:2 (   Elf:1 !   Elf:2 *   Elf:3 (

Annotations:
Lair:3 Snorg


Innate Abilities, Weirdness & Mutations

You reflexively headbutt those who attack you in melee.
You have a pair of horns on your head.


Message History

The acid corrodes the deep elf annihilator!
The deep elf annihilator is moderately wounded.
The deep elf annihilator casts a spell at you.
The bolt of lightning hits you!
The deep elf high priest mumbles some strange prayers to its god against you.
Something smites you!
You can feel time thicken for a moment.
You feel somewhat more hungry.
You slice the deep elf annihilator!! You headbutt the deep elf annihilator.
The deep elf annihilator is almost dead.
The deep elf annihilator closely misses you.
You furiously retaliate!
You headbutt the deep elf annihilator.
You riposte.
You slice the deep elf annihilator!!
Lightning courses through the deep elf annihilator!
You kill the deep elf annihilator!
Cheibriados appreciates the change of pace.
The deep elf high priest mumbles some strange prayers to its god against you.
The sphere of damnation explodes!
The damnation engulfs you!
The deep elf annihilator points at you and mumbles some strange words.
The crystal spear hits you!
You die...

#...#..#≈≈....#
....##...'..#≈≈....#
....#...#..#≈≈....# .
##...#...#..#≈≈....#
..#....#...#..#≈≈....#
..e....#...#..#≈≈....#
....e..#...#..'......#
#.....)#...#..'......#
#...@...#..#≈≈....#
######'##..#≈≈.).[##
#...#..#≈≈.....##
#...#..#≈≈....#.#
#...#..#≈≈....##.
#...#..#≈≈....###
#...#..#≈≈....# #
#...# #≈≈....# #...'
#≈≈....###


You could see a deep elf annihilator and a deep elf high priest.

Vanquished Creatures
  Mara (Swamp:4)
  Nikola (Swamp:2)
  A tentacled monstrosity (Swamp:4)
  A deep elf blademaster (Elf:2)
  A thorn hunter (Swamp:4)
  An orc warlord (Orc:2)
  3 very ugly things
  4 deep elf demonologists
  A deep elf annihilator (Elf:3)
  A deep elf death mage (Elf:3)
  2 green deaths (Swamp:4)
  2 ettins
  A fire dragon (Lair:6)
  The ghost of Monzz the Protected, a journeyman MiFi of Okawaru (D:12)
  5 vault guards (D:14)
  12 hydras
  The ghost of AdmiralAndromeda the Grappler, a journeyman VSTm of Uskayaw (D:12)
  Harold (Lair:4)
  3 ghost crabs
  8 alligators
  5 centaur warriors
  11 two-headed ogres
  3 ogre magi
  A tengu warrior (Swamp:3)
  22 dancing weapons
  6 orc high priests
  15 deep elf knights
  8 swamp dragons
  4 unseen horrors
  A deep troll (D:15)
  A shambling mangrove (Swamp:3)
  17 deep elf archers
  A lindwurm (Lair:6)
  3 orc knights (Orc:2)
  38 deep elf magi
  2 oklob plants (Lair:1)
  5 orc sorcerers
  10 ugly things
  4 cyclopes
  2 manticores
  17 slime creatures
  2 ice statues (IceCv)
  4 black mambas
  2 orange demons (Swamp:4)
  2 molten gargoyles (Lair:6)
  23 spiny frogs
  A yaktaur (shapeshifter) (D:13)
  3 yaktaurs (D:14)
  4 rime drakes
  13 komodo dragons
  A redback zombie (D:12)
  2 tengu conjurers
  5 trolls
  3 polar bears
  3 meliai (D:14)
  4 tyrant leeches
  11 hornets
  2 large abominations (Swamp:4)
  9 bog bodies
  10 blink frogs
  Grinder (D:3)
  A raiju (shapeshifter) (D:13)
  4 dream sheep (Lair:6)
  A meliai zombie (D:14)
  7 hippogriffs
  8 spriggans
  3 shadows
  A tarantella (shapeshifter) (Elf:1)
  3 wyverns
  3 air elementals
  3 water elementals
  36 yaks
  4 basilisks
  3 fire bats (Volcano)
  4 fire elementals
  A steam dragon (D:9)
  A fire bat (shapeshifter) (D:13)
  A golden eye (shapeshifter) (D:14)
  4 hungry ghosts
  20 vampire mosquitoes
  Menkaure (D:7)
  13 swamp worms
  11 insubstantial wisps
  2 wargs (Orc:2)
  4 nagas (Lair:4)
  8 hell hounds
  7 water moccasins
  3 porcupines
  4 swamp drakes
  56 orc warriors
  2 small abominations (Swamp:4)
  2 black bears
  9 ice beasts
  3 sky beasts
  A hornet zombie (D:15)
  A phantom (D:5)
  18 ogres
  14 wolves
  27 centaurs
  8 crocodiles
  2 big kobolds (D:11)
  16 bullfrogs
  2 earth elementals
  2 wyvern zombies
  2 scorpions
  A water moccasin zombie (D:9)
  13 killer bees
  4 wights (D:15)
  9 electric eels
  2 howler monkeys (D:10)
  A bullfrog zombie (D:13)
  5 crimson imps
  5 lava snakes (Lair:6)
  2 centaur zombies
  4 jellies
  2 gnoll shamans
  33 orc priests
  6 hounds
  21 orc wizards
  Crazy Yiuf (D:3)
  6 bullfrog skeletons
  5 worker ants
  4 iguanas
  A hound zombie (D:9)
  A worker ant zombie (D:7)
  Robin (D:3)
  12 gnolls
  7 adders
  3 shadow imps
  2 oozes (D:1)
  An adder zombie (D:9)
  An adder skeleton (D:8)
  3 worms
  2 dart slugs
  6 leopard geckos
  133 orcs
  A ball python (D:7)
  9 giant cockroaches
  2 gnoll zombies (D:4)
  17 goblins
  7 hobgoblins
  15 jackals
  21 kobolds
  6 quokkas
  9 bats
  3 frilled lizards
  A leopard gecko skeleton (D:5)
  5 rats
  3 briar patches (Swamp:4)
  8 fungi (D:9)
  9 plants
1071 creatures vanquished.

Vanquished Creatures (others)
  A dancing weapon (Elf:2)
  An ugly thing (IceCv)
  A sky beast (D:15)
  3 centaurs (Volcano)
  An electric eel (Elf:3)
  An orc wizard (D:8)
  An orc (D:8)
  12 fungi
  11 plants
32 creatures vanquished.

Grand Total: 1103 creatures vanquished

Notes
Turn   | Place    | Note
-------+----------+-------------------------------------------
     0 | D:1      | empire the Minotaur Fighter began the quest for the Orb.
     0 | D:1      | Reached XP level 1. HP: 19/19 MP: 0/0
    24 | D:1      | Reached XP level 2. HP: 24/26 MP: 1/1
   150 | D:1      | Reached XP level 3. HP: 31/31 MP: 2/2
   620 | D:2      | Reached XP level 4. HP: 37/39 MP: 3/3
  1456 | D:3      | Noticed Grinder
  1459 | D:3      | Noticed Robin
  1475 | D:3      | Killed Robin
  1475 | D:3      | Reached XP level 5. HP: 33/45 MP: 4/4
  1488 | D:3      | Killed Grinder
  1488 | D:3      | Reached skill level 5 in Long Blades
  1488 | D:3      | Reached skill level 5 in Armour
  1488 | D:3      | Reached skill level 5 in Shields
  1488 | D:3      | Reached XP level 6. HP: 40/51 MP: 5/5
  1529 | D:3      | Found a runed door.
  2242 | D:4      | Found a basalt altar of Yredelemnul.
  2337 | D:4      | Found Rythroptey's Distillery.
  2351 | D:4      | Bought a potion of haste for 100 gold pieces
  2351 | D:4      | Bought a potion of flight for 30 gold pieces
  2351 | D:4      | Bought a potion of curing for 30 gold pieces
  2433 | D:3      | Noticed Crazy Yiuf
  2440 | D:3      | Killed Crazy Yiuf
  2627 | D:4      | Found an ancient bone altar of Kikubaaqudgha.
  3068 | D:5      | Entered Level 5 of the Dungeon
  3158 | D:5      | Found a snail-covered altar of Cheibriados.
  3175 | D:5      | Reached XP level 7. HP: 41/57 MP: 6/6
  3340 | D:5      | Found a hide-covered altar of Uskayaw.
  3721 | D:6      | Reached skill level 1 in Dodging
  3770 | D:5      | Became a worshipper of Cheibriados the Contemplative
  3818 | D:4      | Bought a potion of cancellation for 80 gold pieces
  3818 | D:4      | Bought a potion of agility for 40 gold pieces
  3897 | D:6      | Found a staircase to the Ecumenical Temple.
  4486 | D:7      | Reached XP level 8. HP: 52/66 MP: 7/7
  4758 | D:7      | Reached * piety under Cheibriados
  4820 | D:7      | Noticed Menkaure
  4839 | D:7      | Killed Menkaure
  5121 | D:7      | Reached skill level 5 in Fighting
  5195 | D:7      | Reached ** piety under Cheibriados
  5477 | D:7      | Reached XP level 9. HP: 33/74 MP: 8/8
  6064 | D:8      | Reached skill level 10 in Long Blades
  6106 | D:8      | Reached *** piety under Cheibriados
  6508 | D:8      | Found a sacrificial altar of Ru.
  6522 | D:8      | Reached skill level 5 in Dodging
  6544 | D:8      | Noticed a two-headed ogre
  6552 | D:8      | Killed a two-headed ogre
  6552 | D:8      | Reached XP level 10. HP: 53/86 MP: 9/9
  6701 | D:8      | Found an iron altar of Okawaru.
  6790 | D:8      | Learned a level 3 spell: Ozocubu's Armour
  6795 | D:8      | Learned a level 4 spell: Summon Ice Beast
  7062 | D:9      | Reached **** piety under Cheibriados
  7143 | D:9      | Reached skill level 1 in Invocations
  7159 | D:9      | Noticed a two-headed ogre
  7161 | D:9      | Reached skill level 1 in Evocations
  7170 | D:9      | Killed a two-headed ogre
  7170 | D:9      | Reached skill level 1 in Charms
  7170 | D:9      | Reached skill level 1 in Summonings
  7170 | D:9      | Reached skill level 1 in Ice Magic
  7240 | D:9      | Found a staircase to the Lair.
  7921 | D:9      | Noticed a green ugly thing
  7947 | D:9      | Reached skill level 1 in Spellcasting
  7957 | D:9      | Killed a green ugly thing
  8452 | Temple   | Entered the Ecumenical Temple
  8981 | D:10     | Entered Level 10 of the Dungeon
  9039 | D:10     | Reached ***** piety under Cheibriados
  9126 | D:10     | Noticed a cyclops
  9132 | D:10     | Killed a cyclops
  9244 | D:10     | Noticed a two-headed ogre
  9251 | D:10     | Killed a two-headed ogre
  9251 | D:10     | Reached XP level 11. HP: 82/92 MP: 11/11
  9458 | D:10     | Found Reovuos's Distillery.
  9464 | D:10     | Bought a potion of mutation for 120 gold pieces
  9464 | D:10     | Bought a potion of heal wounds for 75 gold pieces
  9464 | D:10     | Bought a potion of heal wounds for 75 gold pieces
  9912 | D:11     | Noticed a cyan ugly thing
  9920 | D:11     | Reached skill level 1 in Axes
  9943 | D:11     | Killed a cyan ugly thing
  9969 | D:11     | Killed an unseen horror
  9981 | D:11     | Found a white marble altar of Elyvilon.
 10062 | D:11     | Noticed a purple ugly thing
 10069 | D:11     | Killed a purple ugly thing
 10342 | D:12     | Noticed AdmiralAndromeda's ghost (journeyman VSTm)
 10355 | D:12     | Killed AdmiralAndromeda's ghost
 10411 | D:12     | Reached skill level 5 in Axes
 10500 | D:12     | Noticed Monzz's ghost (journeyman MiFi)
 10503 | D:12     | Reached ****** piety under Cheibriados
 10525 | D:12     | Killed Monzz's ghost
 10525 | D:12     | Reached XP level 12. HP: 55/100 MP: 14/14
 10554 | D:12     | Found Votua's Armour Boutique.
 10555 | D:12     | Found a staircase to the Orcish Mines.
 10555 | D:12     | Found Tiyb's Weapon Boutique.
 10787 | D:12     | Noticed a centaur warrior
 10792 | D:12     | Killed a centaur warrior
 11096 | D:13     | Noticed a seven-headed hydra
 11112 | D:13     | Killed a three-headed hydra
 11112 | D:13     | Reached skill level 5 in Invocations
 11202 | D:13     | Noticed an eight-headed hydra
 11211 | D:13     | Killed a three-headed hydra
 11352 | D:13     | Noticed an eight-headed hydra
 11360 | D:13     | Killed a four-headed hydra
 11622 | D:13     | Reached skill level 5 in Evocations
 12020 | D:13     | Noticed a two-headed ogre
 12025 | D:13     | Killed a two-headed ogre
 12225 | D:14     | Noticed a centaur warrior
 12234 | D:14     | Killed a centaur warrior
 12236 | D:14     | Reached XP level 13. HP: 76/105 MP: 16/16
 12247 | D:14     | Reached skill level 10 in Shields
 12497 | D:14     | Reached skill level 10 in Armour
 13522 | D:14     | Paralysed by an ogre mage for 7 turns
 13606 | D:14     | Found a gate to the Vaults.
 13866 | D:15     | Entered Level 15 of the Dungeon
 14272 | D:15     | Found a staircase to the Depths.
 14274 | D:15     | Noticed an ettin
 14281 | D:15     | Killed an ettin
 15184 | D:4      | Bought a potion of curing for 30 gold pieces
 15184 | D:4      | Bought a potion of heal wounds for 50 gold pieces
 15184 | D:4      | Bought a potion of curing for 30 gold pieces
 15184 | D:4      | Bought a potion of curing for 30 gold pieces
 15184 | D:4      | Bought a potion of curing for 30 gold pieces
 15184 | D:4      | Bought a potion of heal wounds for 50 gold pieces
 15345 | D:10     | Bought a potion of agility for 60 gold pieces
 15345 | D:10     | Bought a potion of curing for 45 gold pieces
 15345 | D:10     | Bought a potion of curing for 45 gold pieces
 15345 | D:10     | Bought a potion of might for 60 gold pieces
 15345 | D:10     | Bought a potion of lignification for 45 gold pieces
 15345 | D:10     | Bought a potion of flight for 45 gold pieces
 15369 | Lair:1   | Entered Level 1 of the Lair of Beasts
 15466 | Lair:1   | Found a frozen archway.
 15484 | IceCv    | Entered an ice cave
 15495 | IceCv    | Reached XP level 14. HP: 62/113 MP: 18/18
 15500 | IceCv    | Found a transporter.
 17195 | Lair:2   | Found a staircase to the Swamp.
 17740 | Lair:3   | Got a bloodstained leather armour
 18001 | Lair:3   | Noticed Snorg
 18320 | Lair:4   | Found a staircase to the Snake Pit.
 18493 | Lair:4   | Noticed Harold
 18503 | Lair:4   | Killed Harold
 19279 | Lair:5   | Found a viscous altar of Jiyva.
 19280 | Lair:5   | Found a staircase to the Slime Pits.
 19341 | Lair:5   | Identified the cursed +0 leather armour of Qaith {rElec rF- rCorr Int+10} (You found it on level 3 of the Lair of Beasts)
 21612 | Lair:6   | Entered Level 6 of the Lair of Beasts
 22007 | Lair:6   | Reached skill level 10 in Axes
 22306 | Lair:6   | Found a large runed door.
 22546 | Lair:6   | Found a large runed door.
 23401 | Orc:1    | Entered Level 1 of the Orcish Mines
 23403 | Orc:1    | Found Eposuhusid's Antique Armour Emporium.
 23424 | Orc:2    | Entered Level 2 of the Orcish Mines
 23507 | Orc:1    | Found a dark tunnel.
 23512 | Orc:1    | Reached XP level 15. HP: 87/118 MP: 20/20
 23518 | Volcano  | Entered a volcano
 24427 | Orc:2    | Reached skill level 10 in Dodging
 24602 | Orc:2    | Found Eteczenyots's Distillery.
 24616 | Orc:2    | Bought a potion of heal wounds for 60 gold pieces
 24616 | Orc:2    | Bought a potion of curing for 36 gold pieces
 24616 | Orc:2    | Bought a potion of heal wounds for 60 gold pieces
 24616 | Orc:2    | Bought a potion of curing for 36 gold pieces
 24616 | Orc:2    | Bought a potion of lignification for 36 gold pieces
 24616 | Orc:2    | Bought a potion of cancellation for 96 gold pieces
 24616 | Orc:2    | Bought a potion of flight for 36 gold pieces
 24616 | Orc:2    | Bought a potion of curing for 36 gold pieces
 24616 | Orc:2    | Bought a potion of mutation for 96 gold pieces
 24616 | Orc:2    | Bought a potion of agility for 48 gold pieces
 24616 | Orc:2    | Bought a potion of invisibility for 96 gold pieces
 24624 | Orc:2    | Found Wesirat's Weapon Emporium.
 24677 | Orc:2    | Found a roughly hewn altar of Beogh.
 25707 | Orc:2    | Noticed an orc warlord
 25724 | Orc:2    | Killed an orc warlord
 25739 | Orc:2    | Found a roughly hewn altar of Beogh.
 26333 | Orc:2    | Found Dirph's Distillery.
 26346 | Orc:2    | Bought a potion of curing for 48 gold pieces
 26346 | Orc:2    | Bought a potion of heal wounds for 80 gold pieces
 26346 | Orc:2    | Bought 2 potions of curing for 96 gold pieces
 26346 | Orc:2    | Bought a potion of curing for 48 gold pieces
 26346 | Orc:2    | Bought a potion of lignification for 48 gold pieces
 26346 | Orc:2    | Bought a potion of flight for 48 gold pieces
 26346 | Orc:2    | Bought a potion of might for 64 gold pieces
 26346 | Orc:2    | Bought a potion of lignification for 48 gold pieces
 26400 | Orc:2    | Found Muosat's Magic Scroll Boutique.
 26503 | Orc:2    | Found a staircase to the Elven Halls.
 26682 | Elf:1    | Entered Level 1 of the Elven Halls
 27183 | Elf:1    | Found Cetz's Distillery.
 27193 | Elf:1    | Bought a potion of curing for 60 gold pieces
 27290 | Elf:1    | Noticed a Hell Sentinel
 28055 | Swamp:1  | Entered Level 1 of the Swamp
 28636 | Swamp:1  | Reached skill level 10 in Invocations
 28791 | Swamp:1  | Got a brightly glowing morningstar
 28792 | Swamp:1  | Identified the +2 morningstar "Dyni" {flame, Str+3 Int+2} (You found it on level 1 of the Swamp)
 28874 | Swamp:2  | Reached XP level 16. HP: 118/126 MP: 22/22
 29023 | Swamp:2  | Noticed Nikola
 29051 | Swamp:2  | Killed Nikola
 29371 | Swamp:2  | Got a pair of polished gloves
 29372 | Swamp:2  | Identified the +2 pair of gloves of Imysaeg {rF- rC++ Int+4} (You took it off Nikola on level 2 of the Swamp)
 30485 | Swamp:3  | Reached skill level 10 in Evocations
 31216 | Swamp:4  | Entered Level 4 of the Swamp
 31274 | Swamp:4  | Noticed a thorn hunter
 31286 | Swamp:4  | Killed a thorn hunter
 31648 | Swamp:4  | Noticed Mara
 31743 | Swamp:4  | Noticed empire's illusion
 31755 | Swamp:4  | Noticed a tentacled monstrosity
 31778 | Swamp:4  | Killed a tentacled monstrosity
 31778 | Swamp:4  | Reached skill level 10 in Fighting
 31783 | Swamp:4  | Noticed empire's illusion
 31807 | Swamp:4  | Killed Mara
 31807 | Swamp:4  | Reached XP level 17. HP: 61/140 MP: 23/23
 31902 | Swamp:4  | Got a decaying rune of Zot
 32561 | Orc:2    | Bought a potion of cancellation for 128 gold pieces
 32561 | Orc:2    | Bought a potion of might for 64 gold pieces
 32561 | Orc:2    | Bought a potion of degeneration for 16 gold pieces
 32627 | Orc:2    | Bought a potion of haste for 120 gold pieces
 32627 | Orc:2    | Bought a potion of haste for 120 gold pieces
 32686 | Orc:2    | Bought a scroll of magic mapping for 56 gold pieces
 32686 | Orc:2    | Bought a scroll of identify for 32 gold pieces
 32686 | Orc:2    | Bought a scroll of enchant weapon for 120 gold pieces
 32686 | Orc:2    | Bought a scroll of torment for 120 gold pieces
 32686 | Orc:2    | Bought a scroll of identify for 32 gold pieces
 32686 | Orc:2    | Bought a scroll of remove curse for 48 gold pieces
 32686 | Orc:2    | Bought a scroll of teleportation for 48 gold pieces
 32686 | Orc:2    | Bought a scroll of remove curse for 48 gold pieces
 32686 | Orc:2    | Bought a scroll of fear for 56 gold pieces
 32686 | Orc:2    | Bought a scroll of identify for 32 gold pieces
 32686 | Orc:2    | Bought a scroll of teleportation for 48 gold pieces
 32686 | Orc:2    | Bought a scroll of amnesia for 56 gold pieces
 32686 | Orc:2    | Bought a scroll of identify for 32 gold pieces
 32686 | Orc:2    | Bought a scroll of magic mapping for 56 gold pieces
 32810 | Elf:1    | Bought a potion of agility for 80 gold pieces
 32821 | Elf:2    | Reached skill level 5 in Summonings
 32822 | Elf:2    | Reached skill level 5 in Ice Magic
 32859 | Elf:2    | Found Oqiryt's General Store.
 32896 | Elf:2    | Found a huge runed gate.
 32896 | Elf:2    | Found a huge runed gate.
 32896 | Elf:2    | Found a huge runed gate.
 32939 | Elf:2    | Reached skill level 5 in Charms
 33630 | Elf:2    | Noticed a deep elf blademaster
 33648 | Elf:2    | Killed a deep elf blademaster
 34125 | Elf:3    | Entered Level 3 of the Elven Halls
 34254 | Elf:3    | Found Wyamifru's Weapon Emporium.
 34674 | Elf:3    | Killed from afar by a deep elf annihilator

Skill      XL: |  1  2  3  4  5  6  7  8  9 10 11 12 13 14 15 16 17 |
---------------+----------------------------------------------------+-----
Long Blades    | 3 4 5 6 8 9 11 12 13 | 13.7
Armour         | 4 5 6 7 8 9 11 12 13 | 13.0
Shields        | 4 5 6 7 8 9 11 12 13 | 13.0
Dodging        | 1 3 5 6 8 9 11 13 | 13.0
Fighting       | 4 5 7 10 11 | 11.1
Invocations    | 2 4 5 7 8 10 | 10.0
Evocations     | 2 4 5 6 8 9 10 | 10.0
Charms         | 1 2 3 4 6 |  6.0
Summonings     | 1 3 4 6 |  6.0
Ice Magic      | 1 3 4 6 |  6.0
Spellcasting   | 1 |  1.1
Axes           | 5 8 9 10 11 13 | 13.7

Action                   |  1- 3 |  4- 6 |  7- 9 | 10-12 | 13-15 | 16-18 || total
-------------------------+-------+-------+-------+-------+-------+-------++-------
Melee: Long sword        |    91 |   140 |   272 |   551 |   609 |   414 ||  2077
       Headbutt          |    11 |    30 |    72 |   242 |   472 |   314 ||  1141
       War axe           |       |       |       |    39 |   521 |   255 ||   815
       Scimitar          |       |       |       |       |       |    91 ||    91
Throw: Tomahawk          |       |       |       |     2 |    16 |     3 ||    21
       Javelin           |       |       |       |     2 |     6 |     1 ||     9
Invok: Slouch            |       |       |       |       |     4 |     3 ||     7
Evoke: Wand              |       |       |     5 |       |    29 |    15 ||    49
       Lamp of fire      |       |       |       |       |     1 |       ||     1
  Use: Scroll            |       |     7 |    12 |     7 |    13 |    17 ||    56
       Potion            |       |     1 |    10 |     4 |    11 |     5 ||    31
 Stab: Invisible         |       |     1 |     4 |     5 |       |       ||    10
       Distracted        |       |       |       |       |     1 |       ||     1
  Eat: Chunk             |       |     7 |    24 |    13 |    30 |     4 ||    78
Armor: Scale mail        |    72 |    73 |    21 |       |       |       ||   166
       Chain mail        |       |       |    38 |       |       |       ||    38
       Skin              |       |       |    23 |       |    28 |       ||    51
       Plate armour      |       |       |    33 |     2 |       |       ||    35
       Gold dragon scale |       |       |       |   293 |   438 |   346 ||  1077
       Fire dragon scale |       |       |       |       |     4 |       ||     4
Dodge: Dodged            |    36 |    35 |   100 |   211 |   532 |   426 ||  1340
Block: Shield            |    57 |    65 |   217 |   579 |  1211 |   808 ||  2937
       Rpst.: Long sword |    11 |     9 |    30 |    47 |    46 |    20 ||   163
       Scimitar          |       |       |       |       |       |     6 ||     6
